 Dungeon Crawl Stone Soup version 0.30-a0-793-g160f7cfddd (webtiles) character file.

Game seed: 12833784460960133247

16 fleeber the Ducker (level 2, -2/23 HPs)
             Began as a Merfolk Gladiator on Feb 20, 2023.
             Killed from afar by Sigmund (4 damage)
             ... with a puff of flame
             ... on level 2 of the Dungeon.
             The game lasted 00:03:22 (1247 turns).

fleeber the Ducker (Merfolk Gladiator)              Turns: 1247, Time: 00:03:23

Health: -2/23      AC:  5    Str: 14    XL:     2   Next: 58%
Magic:  2/2        EV: 11    Int:  7    God:
Gold:   86         SH:  0    Dex: 15    Spells: 1/1 levels left

rFire   . . .      SeeInvis .    a - +0 long sword
rCold   . . .      Faith    .    h - +0 kite shield
rNeg    . . .      Spirit   .    b - +0 leather armour
rPois   .          Reflect  .    c - +0 helmet
rElec   .          Harm     .    (no cloak)
rCorr   .          Rampage  .    i - +0 pair of gloves
Will    .....                    (no boots)
Stlth   +                        (no amulet)
HPRegen 0.23/turn                (no ring)
MPRegen 0.08/turn                (no ring)

@: confused
A: (nimble swimmer 2), mertail
a: no special abilities


You were on level 2 of the Dungeon.
You visited 1 branch of the dungeon, and saw 2 of its levels.

You collected 86 gold pieces.

Inventory:

Hand Weapons
 a - a +0 long sword (weapon)
Missiles
 d - a throwing net (quivered)
Armour
 b - a +0 leather armour (worn)
 c - a +0 helmet (worn)
 h - a +0 kite shield (worn)
 i - a +0 pair of gloves (worn)
Scrolls
 f - a scroll of enchant armour {unknown}
 j - 2 scrolls of identify {unknown}
Potions
 g - 2 potions of attraction {unknown}
 k - a potion of haste {unknown}
 l - a potion of lignification {unknown}


   Skills:
 + Level 2.5 Fighting
 * Level 4.2 Long Blades
 - Level 2.0 Throwing
 + Level 4.3 Dodging


You had one spell level left.
You didn't know any spells.
Your spell library was empty.

Dungeon Overview and Level Annotations

Branches:
Dungeon (2/15)

Altars:

Annotations:
D:1 exclusion: downstairs
D:2 exclusion: door, Sigmund


Innate Abilities, Weirdness & Mutations

((You are very nimble when in or above water. (Stealth+, EV+, Speed+++)))
Your lower body shifts to a powerful aquatic tail in water.


Message History

There is a stone staircase leading up here.
You climb upwards.
Level annotation: exclusion: downstairs Reactivating autopickup.
There is a stone staircase leading down here.
You start resting.
HP restored.
You climb downwards.
Level annotation: exclusion: door, Sigmund
There is a stone staircase leading up here.
Throw: javelin
Press: ? - help, Q - select action, (/) - cycle Shift-Dir - straight line, f - Sigmund
Aim: Sigmund, wielding a +0 scythe, wearing a +0 robe and carrying a wand of flame (14) (57% to hit)
You throw a javelin. The javelin pierces through Sigmund.
Sigmund is lightly wounded.
Sigmund zaps a wand.
The puff of flame hits you!
Sigmund zaps a wand.
The puff of flame hits you. Sigmund completely misses you.
You hit Sigmund.
Sigmund is lightly wounded.
Sigmund misses you.
You hit Sigmund.
Sigmund is moderately wounded.
Sigmund closely misses you.
You slash Sigmund!
Sigmund is heavily wounded.
Sigmund zaps a wand.
The puff of flame hits you.
* * * LOW HITPOINT WARNING * * *
You hit Sigmund but do no damage.
Sigmund is heavily wounded.
Sigmund zaps a wand.
The puff of flame hits you.
* * * LOW HITPOINT WARNING * * *
Sigmund casts a spell at you.
You are confused.
You bump into the rock wall.
Sigmund drinks a potion.
Sigmund is healed!
You hit Sigmund.
Sigmund is heavily wounded.
Sigmund hits you but does no damage.
Sigmund zaps a wand.
The puff of flame hits you.
You die...

#.###.#.##.#.######..##.......
#.#......#)# ##.....######
#.#.#.####.# ........>.....#
###@.......#.###############.#
#.....#.##.#.(.............#.#
#.#####.#..........##.####.#.#
##.# #.#..#...........# #.#.#
...# #.#..#.#@###.##.## #.#.#
#### #.#..#.#.@.#.##.# #.#.#
#.#....#.#.#.##.####.#.#
#.##...#.....##.##.....#
###.#<#.#.##.########
..#.#.####.# ###.#.. ..#
#..... #######


You could see Sigmund.

Vanquished Creatures
  A dart slug (D:1)
  An endoplasm (D:1)
  A giant cockroach (D:1)
  2 hobgoblins
  2 quokkas (D:1)
  A frilled lizard (D:1)
  3 kobolds
  2 rats
13 creatures vanquished.

Notes
Turn   | Place    | Note
-------+----------+-------------------------------------------
     0 | D:1      | fleeber the Merfolk Gladiator began the quest for the Orb.
     0 | D:1      | Reached XP level 1. HP: 16/16 MP: 1/1
   266 | D:1      | Reached XP level 2. HP: 23/23 MP: 2/2
   867 | D:2      | Noticed Sigmund
  1244 | D:2      | HP: 1/23 [Sigmund/puff of flame (4)]
  1247 | D:2      | Killed from afar by Sigmund

Illustrated notes

Levels and vault maps discovered:
D:1:      elethiomel_arrival_shortcut, layout_basic, serial_forest,
          infiniplex_forest_lined_3, infiniplex_forest_clump_small,
          infiniplex_forest_straight_4, infiniplex_forest_corner_1,
          infiniplex_forest_lined_ring, infiniplex_forest_corner_2,
          infiniplex_forest_clump_cross
D:2:      mumra_celtic_spiral_tile, layout_basic, corexii_shack, uniq_sigmund

Skill      XL: |  1 |
---------------+----+-----
Long Blades    | 4 |  4.2
Fighting       | |  2.5
Throwing       | |  2.0
Dodging        | |  4.3

Action                     || total
---------------------------++-------
  Melee: Long sword        ||    49
  Throw: Throwing net      ||     2
         Javelin           ||     1
   Stab: Sleeping          ||     1
 Armour: Leather armour    ||     9
  Dodge: Dodged            ||    30
  Block: Kite shield       ||    13

Table legend: (Time is in decaauts)
 A = Elapsed time spent in this place.
 B = Non-inter-level travel time spent in this place.
 C = Inter-level travel time spent in this place.
 D = Time resting spent in this place.
 E = Time spent auto-exploring this place.
 F = Levels seen in this place.
 G = Mean time per level.
                   A        B        C        D        E       F      G
               +--------+--------+--------+--------+--------+-----+--------+
         Total |   1267 |   1207 |     60 |     33 |    856 |   2 |  633.5 |
       Dungeon |   1267 |   1207 |     60 |     33 |    856 |   2 |  633.5 |
               +--------+--------+--------+--------+--------+-----+--------+

Top non-repeatable levels by time:
     D:1: 818 daAuts
     D:2: 449 daAuts
